 Dungeon Crawl Stone Soup version 0.32-a0-377-g951292165a (webtiles) character file.

Game seed: 4736982715496384967

140122 Amplified the Warrior (level 16, -12/146 HPs)
             Began as a Demonspawn Wanderer on Feb 19, 2024.
             Was an Elder of Ashenzari.
             Mangled by a naga
             ... wielding a +0 scimitar
              (23 damage)
             ... on level 2 of the Snake Pit.
             The game lasted 00:47:03 (26518 turns).

Amplified the Warrior (Demonspawn Wanderer)        Turns: 26518, Time: 00:47:04

Health: -12/146    AC: 17    Str: 16    XL:     16   Next: 52%
Magic:  0/34       EV: 17    Int: 18    God:    Ashenzari [****..]
Gold:   139        SH:  0    Dex: 28    Spells: 19/43 levels left

rFire   + . .        l - +5 lajatang of the Eye in the Sky {vamp, *Rage Int+3 Dex+3, Bglg, Elem} (curse)
rCold   . . .        (shield currently unavailable)
rNeg    + + .        y - +3 leather armour of Star-Bound Wisdom {rPois, Cun, Sorc} (curse)
rPois   +            v - +2 helmet {Int+3}
rElec   .            b - +0 cloak of the Prophetic Sky {Self, Dev} (curse)
rCorr   +            r - +0 pair of gloves of the Distant Sage {Elem, Bglg} (curse)
SInv    +            X - +0 pair of boots of the Unveiling Moon {Self, Melee} (curse)
Will    +....        H - amulet "Elysian Optimism" {Acrobat, Elem, Cun} (curse)
Stlth   ++           Z - ring of Okawaru, Enchanting {rF+ rCorr}
HPRegen 0.44/turn    L - ring of Nycemium {Wiz rN++ Dex+7}
MPRegen 0.48/turn

%: acrobat, clarity, guardian spirit, wizardry (x1)
@: lethally poisoned (-12 -> -18), about to teleport, slowed, constricted, very
slow
A: claws 1, icy blue scales 2, ignite blood 2, magic shield, magic regeneration
a: Renounce Religion, Shatter the Chains


You were on level 2 of the Snake Pit.
You worshipped Ashenzari.
Ashenzari was greatly pleased with you.
You visited 5 branches of the dungeon, and saw 25 of its levels.

You collected 2203 gold pieces.
You spent 2064 gold pieces at shops.

Inventory:

Hand Weapons
 l - the cursed +5 lajatang of the Eye in the Sky (weapon) {vamp, *Rage Int+3 Dex+3, Bglg, Elem}
   (You found it on level 3 of the Dungeon)

   Int+3:     It affects your intelligence (+3).
   Dex+3:     It affects your dexterity (+3).
   *Rage:     It berserks you when you make melee attacks (+20% chance).
   It has a curse which improves the following skills: Beguiling: Hexes and
   Translocations.
   Elements:  Fire Magic, Ice Magic, Air Magic and Earth Magic.
 V - the +8 whip "Snakebite" {venom, curare, rPois}
   (You found it on level 1 of the Lair of Beasts)

   rPois:     It protects you from poison
Missiles
 o - 4 silver javelins
 q - 62 poisoned darts
 C - 3 curare-tipped darts
Armour
 a - a +0 cloak of poison resistance
 b - the cursed +0 cloak of the Prophetic Sky (worn) {Self, Dev}
   (You found it on level 11 of the Dungeon)

   It has a curse which improves the following skills: Introspection: Fighting
   and Spellcasting.
   Devices:   Evocations and Shapeshifting.
 r - the cursed +0 pair of gloves of the Distant Sage (worn) {Elem, Bglg}
   (You found it on level 11 of the Dungeon)

   It has a curse which improves the following skills: Elements: Fire Magic, Ice
   Magic, Air Magic and Earth Magic.
   Beguiling: Hexes and Translocations.
 t - the +0 kite shield of Qaafayro {rC+ Regen+}
   (You found it on level 14 of the Dungeon)

   rC+:       It protects you from cold.
   Regen+:    It increases your rate of health regeneration.
 v - a +2 helmet of intelligence (worn)
 y - the cursed +3 leather armour of Star-Bound Wisdom (worn) {rPois, Cun, Sorc}
   (You took it off Eustachio on level 6 of the Dungeon)

   It has a curse which improves the following skills: Cunning: Dodging and
   Stealth.
   Sorcery:   Conjurations and Alchemy.
 X - the cursed +0 pair of boots of the Unveiling Moon (worn) {Self, Melee}
   (You found it on level 2 of the Lair of Beasts)

   It has a curse which improves the following skills: Introspection: Fighting
   and Spellcasting.
   Melee Combat: Short Blades, Long Blades, Axes, Maces & Flails, Polearms,
   Staves and Unarmed Combat.
Jewellery
 e - a +4 ring of slaying
 H - the cursed amulet "Elysian Optimism" (around neck) {Acrobat, Elem, Cun}
   (You found it on level 5 of the Lair of Beasts)

   [amulet of the acrobat]

   Acrobat:   It increases your evasion while moving and waiting.
   It has a curse which improves the following skills: Elements: Fire Magic, Ice
   Magic, Air Magic and Earth Magic.
   Cunning:   Dodging and Stealth.
 L - the ring of Nycemium (right hand) {Wiz rN++ Dex+7}
   (You bought it in a shop on level 1 of the Snake Pit)

   [ring of wizardry]

   Wiz:       It improves your spell success rate.
   Dex+7:     It affects your dexterity (+7).
   rN++:      It greatly protects you from negative energy.
 Y - a ring of willpower
 Z - the ring of Okawaru, Enchanting (left hand) {rF+ rCorr}
   (You bought it in a shop on level 1 of the Snake Pit)

   [ring of resist corrosion]

   rF+:       It protects you from fire.
   rCorr:     It protects you from acid and corrosion.
Talismans
 k - a maw talisman
Wands
 E - a wand of flame (51)
 I - a wand of polymorph (3)
 O - a wand of digging (7)
 S - a wand of iceblast (9)
 W - a wand of paralysis (9)
Scrolls
 c - 5 scrolls of vulnerability
 d - 4 scrolls of teleportation
 i - 4 scrolls of fog
 p - 6 scrolls of brand weapon
 u - 11 scrolls of identify
 w - a scroll of amnesia
 z - 7 scrolls of silence
 D - a scroll of torment
 G - 2 scrolls of enchant weapon
 T - 2 scrolls of poison
Potions
 f - 5 potions of degeneration
 g - 4 potions of enlightenment
 h - 3 potions of might
 j - 8 potions of curing
 m - 3 potions of mutation
 n - 2 potions of lignification
 s - a potion of haste
 x - a potion of resistance
 A - a potion of cancellation
 B - 2 potions of berserk rage
 F - a potion of heal wounds
 J - a potion of attraction
 K - 2 potions of brilliance
 M - a potion of ambrosia
 U - 2 potions of magic
Miscellaneous
 N - a phial of floods (inert)
 P - a box of beasts


   Skills:
 * Level 16.7(19.3) Fighting
 - Level 2.3(10.1) Maces & Flails
 - Level 14.4(16.2) Staves
 - Level 8.1 Armour
 - Level 6.3(9.1) Dodging
 * Level 11.7(14.4) Spellcasting
 * Level 7.2(10.8) Ice Magic
 - Level 7.6(11.2) Earth Magic
 - Level 4.2(5.9) Evocations


You had 19 spell levels left.
You knew the following spells:

 Your Spells              Type           Power      Damage    Failure   Level
a - Lee's Rapid Deconstr  Erth           26%        3d14*     1%          5
b - Passwall              Erth           52%        N/A       1%          3
c - Ozocubu's Refrigerat  Ice            25%        4d13      24%         7
d - Polar Vortex          Ice            25%        12d3*     100%        9

Your spell library contained the following spells:

 Spells                   Type           Power      Damage    Failure   Level
 Ensorcelled Hibernation  Hex/Ice        66%        N/A       1%          2
 Apportation              Tloc           28%        N/A       2%          1
 Shock                    Conj/Air       56%        1d6       2%          1
 Sting                    Conj/Alch      52%        1d6       2%          1
 Animate Armour           Summ/Erth      66%        N/A       2%          4
 Cigotuvi's Dreadful Rot  Necr/Alch/Air  26%        N/A       3%          2
 Jinxbite                 Hex            28%        N/A       3%          2
 Mercury Vapours          Alch/Air       28%        N/A       3%          2
 Gell's Gravitas          Tloc           14%        N/A       6%          3
 Mephitic Cloud           Conj/Alch/Air  14%        N/A       6%          3
 Swiftness                Air            14%        N/A       6%          3
 Teleport Other           Tloc           14%        N/A       6%          3
 Freezing Cloud           Conj/Ice/Air   13%        6-21      14%         5
 Airstrike                Air            7%         2d(1-17)  19%         4
 Ignite Poison            Fire/Alch      14%        N/A       21%         4
 Manifold Assault         Tloc           14%        N/A       21%         4
 Summon Lightning Spire   Summ/Air       13%        N/A       21%         4
 Olgreb's Toxic Radiance  Alch           13%        N/A       22%         4
 Sculpt Simulacrum        Ice/Alch       16%        N/A       34%         6
 Alistair's Intoxication  Alch           8%         N/A       50%         5
 Dispersal                Tloc           7%         N/A       95%         6
 Discord                  Hex            7%         N/A       100%        8
 Disjunction              Tloc           7%         N/A       100%        8


Dungeon Overview and Level Annotations

Branches:
Dungeon (15/15)            Temple (1/1) D:6            Lair (5/5) D:9
  Swamp (0/4) Lair:3        Snake (2/4) Lair:2        Slime (0/5) Lair:4
    Orc (2/2) D:12            Elf (0/3) Orc:2        Vaults (0/5) D:14
 Depths (0/4) D:15

Altars:
Ashenzari
Cheibriados
Dithmenos
Fedhas
Gozag
Hepliaklqana
Kikubaaqudgha
Makhleb
Nemelex Xobeh
Okawaru
Qazlal
Ru
Sif Muna
Trog
Uskayaw
Vehumet
Wu Jian
Xom
Yredelemnul
Jiyva

Shops:
D:9 *   D:15 =   Orc:2 [*(:   Snake:1 :==

Portals:
Trove: D:14 (show abyssal rune of Zot)

Annotations:
D:15 Check shop inside
Snake:1 2 transporters, exclusion: obsidian statue


Innate Abilities, Weirdness & Mutations

You have sharp fingernails.
You are mostly covered in icy blue scales. (AC +3)
Your demonic aura often causes spilled blood to erupt in flames.
When hurt, damage is shared between your health and your magic reserves.
You regenerate magic rapidly.


Message History

The naga grabs you.
You stop ascending the stairs.
The naga constricts you.
Unknown command.
Unknown command.
Unknown command.
You feel better.
The guardian serpent is engulfed in blazing flames.
The guardian serpent barely misses you.
The naga is engulfed in blazing flames.
The naga spits poison at you.
The splash of poison hits you but does no damage.
You are poisoned.
You resist. The naga constricts you.
The guardian serpent is engulfed in blazing flames.
The guardian serpent coils itself and waves its upper body at you.
The bolt of poison hits you. You resist.
* * * LOW HITPOINT WARNING * * *
The naga is engulfed in blazing flames.
The naga loses its grip on you.
Unknown command.
Blink to where?
Press: ? - help, Dir - move target A black mamba comes into view.
Found a scroll of amnesia and a scroll of enchant armour.
As you read the scroll of blinking, it crumbles to dust.
You feel very sick.
The nagaraja no longer looks unusually strong.
The naga no longer looks unusually strong.
The guardian serpent is engulfed in blazing flames. x2
The guardian serpent casts a spell at you.
The naga blinks!
The naga warrior blinks!
The nagaraja blinks!
As you read the scroll of teleportation, it crumbles to dust.
You feel strangely unstable.
You feel very sick. The nagaraja spits poison at you.
The splash of poison hits you. You resist.
* * * LOW HITPOINT WARNING * * *
The naga closely misses you. The naga grabs you. The naga constricts you.
The naga warrior spits poison at you. The splash of poison hits you!
You resist.
* * * LOW HITPOINT WARNING * * *
The naga hits you with a +0 scimitar!!
You die...

*********,*******
,*#.............*
,*#?............*
,*#.............*
,*#.............*
,*#.............**,,,,,,,
,*#..S..?.......**..N...,
,*#.....NN.[....#*......,
******#N@N......##......,
******##.N......#......#*
**,,,,*#............$..#*
**,,,,*#..........>....#*
**,,,,*#....S.§........#*
**,,,,*#.......§.{!....#*
**,,,,*######..°##.{...#*
**,,,,,*****##.○##*....#*
,,,,,,,,,,,,*#...#*,....,


You could see a nagaraja (fast, catching breath), a naga warrior, a guardian
serpent, a black mamba (asleep) and 3 nagas.

Vanquished Creatures
  Gastronok (Lair:1)
  2 orc warlords
  An eleionoma (Lair:3)
  Nessos (Lair:5)
  A yaktaur captain (D:14)
  The ghost of makewrite the Cruncher, a journeyman MiGl of Gozag (Lair:2)
  Erolcha (D:11)
  10 hydras
  A rakshasa (D:15)
  2 anacondas (Snake:1)
  8 centaur warriors
  An ogre mage (D:15)
  6 two-headed ogres
  3 catoblepae
  Erica (D:11)
  3 tengu warriors
  A hell hog (Lair:5)
  6 boulder beetles
  3 death yaks (Lair:5)
  2 naga warriors (Snake:1)
  2 naga sharpshooters (Snake:1)
  An occultist (D:15)
  5 orc high priests
  Amaemon (Lair:1)
  3 skysharks
  2 mana vipers (Snake:1)
  A naga ritualist (Snake:1)
  A deep elf pyromancer (D:14)
  A deep elf zephyrmancer (D:15)
  2 lindwurms (Lair:5)
  8 orc knights
  Pikel (D:8)
  2 wolf spider zombies (D:15)
  3 oklob plants (Lair:1)
  2 ugly things
  A necromancer (D:15)
  7 orc sorcerers
  2 cyclopes (D:12)
  Maurice (D:11)
  7 manticores
  A salamander (Snake:1)
  A rust devil (D:10)
  3 meliai (D:14)
  A moth of wrath (Lair:2)
  4 kobold blastminers (Orc:1)
  4 elephants
  A black mamba (shapeshifter) (D:14)
  Joseph (Lair:1)
  3 guardian serpents (Snake:1)
  5 naga magi (Snake:1)
  2 orange demons
  2 gargoyles
  A smoke demon (D:10)
  34 black mambas
  3 torpor snails (Lair:3)
  9 cane toads
  3 rime drakes
  A freezing wraith (D:15)
  7 komodo dragons
  A kobold demonologist (D:11)
  6 yaktaurs
  A centaur skeleton (D:15)
  An unseen horror (D:12)
  2 ice devils (D:10)
  Psyche (D:8)
  A tengu conjurer (D:15)
  8 trolls
  10 polar bears
  4 hornets
  16 blink frogs
  3 raiju (Lair:5)
  4 dream sheep
  7 slime creatures
  A ynoxinul (D:10)
  4 wraiths
  4 spriggans (Lair:2)
  10 wyverns
  2 vampires
  A human (D:11)
  38 yaks
  A golden eye (Lair:1)
  16 vampire mosquitoes
  4 basilisks
  Eustachio (D:6)
  6 wargs
  2 steam dragons
  2 chaos spawn (D:10)
  The ghost of anansati the Insei, an amateur TeBr (D:3)
  17 nagas (Snake:1)
  29 water moccasins
  An acid dragon (D:14)
  14 hell hounds (Lair:5)
  11 black bears
  A sky beast (D:7)
  An ice beast (D:7)
  5 laughing skulls
  An ogre (D:15)
  35 orc warriors
  A boggart (D:14)
  30 wolves
  7 centaurs
  A phantom (D:4)
  10 kobold brigands
  18 bullfrogs
  3 scorpions
  8 wights
  10 howler monkeys
  An electric eel (Lair:1)
  3 jellies
  2 quasits (D:10)
  3 hounds
  25 orc priests
  4 iguanas
  29 orc wizards
  6 hell rats (Lair:3)
  A boggart simulacrum (D:15)
  8 adders
  A shadow imp (D:7)
  2 white imps
  3 ribbon worms
  82 orcs
  8 ball pythons
  8 endoplasms
  4 giant cockroaches
  7 hobgoblins
  7 jackals
  4 quokkas
  5 bats
  8 frilled lizards
  10 goblins
  54 kobolds
  4 rats
844 creatures vanquished.

Vanquished Creatures (collateral kills)
  2 black bears (Lair:5)
2 creatures vanquished.

Vanquished Creatures (others)
  A naga warrior (Snake:1)
  A meliai (D:14)
  A vampire mosquito (D:13)
  2 orcs (Orc:1)
5 creatures vanquished.

Grand Total: 851 creatures vanquished

Notes
Turn   | Place    | Note
-------+----------+-------------------------------------------
     0 | D:1      | Amplified the Demonspawn Wanderer began the quest for the
                  | Orb.
     0 | D:1      | Amplified set off with the following items: a +0 mace, 3
                  | throwing nets, a +0 leather armour, a scroll of
                  | teleportation, a scroll of fear.
     0 | D:1      | Reached XP level 1. HP: 15/15 MP: 1/1
   100 | D:1      | Gained mutation: You regenerate magic rapidly. [demonic
                  | ancestry]
   100 | D:1      | Reached XP level 2. HP: 21/21 MP: 2/2
   514 | D:1      | Gained mutation: You are partially covered in icy blue
                  | scales. (AC +2) [demonic ancestry]
   514 | D:1      | Reached XP level 3. HP: 27/27 MP: 3/3
   836 | D:2      | Reached skill level 2 in Fighting
  1525 | D:3      | Noticed anansati's ghost (amateur TeBr)
  1529 | D:3      | Found a transporter.
  1532 | D:3      | Found a transporter.
  1601 | D:3      | Gained mutation: Your demonic aura sometimes causes spilled
                  | blood to erupt in flames. [demonic ancestry]
  1601 | D:3      | Reached XP level 4. HP: 19/33 MP: 4/4
  1869 | D:3      | Identified the +5 lajatang "Gisui" {vamp, *Rage Int+3
                  | Dex+3}
  1935 | D:3      | Found a faded altar of an unknown god.
  2522 | D:4      | Found a shimmering blue altar of Sif Muna.
  2536 | D:4      | Found an opulent altar of Gozag.
  2554 | D:4      | Gained mutation: When hurt, damage is shared between your
                  | health and your magic reserves. [demonic ancestry]
  2554 | D:4      | Reached XP level 5. HP: 39/39 MP: 5/5
  2715 | D:4      | Noticed a phantom
  2723 | D:4      | Killed a phantom
  2724 | D:4      | Reached skill level 3 in Fighting
  2724 | D:4      | Reached skill level 1 in Staves
  2881 | D:4      | Reached XP level 6. HP: 47/47 MP: 6/6
  3016 | D:5      | Entered Level 5 of the Dungeon
  3022 | D:5      | Noticed a water moccasin
  3026 | D:5      | Killed a water moccasin
  3570 | D:6      | Reached XP level 7. HP: 53/53 MP: 7/7
  3613 | D:6      | Reached skill level 4 in Fighting
  3877 | D:6      | Noticed a wraith
  3886 | D:6      | Killed a wraith
  3916 | D:6      | Reached XP level 8. HP: 38/61 MP: 6/8
  4100 | D:6      | Noticed Eustachio
  4123 | D:6      | Killed Eustachio
  4124 | D:6      | Reached skill level 5 in Armour
  4217 | D:6      | Reached skill level 5 in Fighting
  4278 | D:6      | Found a staircase to the Ecumenical Temple.
  4332 | Temple   | Entered the Ecumenical Temple
  4338 | Temple   | Became a worshipper of Ashenzari the Shackled
  5226 | D:7      | Reached * piety under Ashenzari
  5454 | D:7      | Reached skill level 1 in Spellcasting
  5689 | D:7      | Reached skill level 6 in Fighting
  5689 | D:7      | Reached XP level 9. HP: 69/69 MP: 8/11
  5925 | D:7      | Reached ** piety under Ashenzari
  5988 | D:8      | Reached skill level 5 in Staves
  6009 | D:8      | Paralysed by a centaur for 5 turns
  6081 | D:8      | Found a shimmering altar of Xom.
  6228 | D:8      | Noticed Psyche
  6235 | D:8      | Paralysed by Psyche for 4 turns
  6239 | D:8      | Killed Psyche
  6240 | D:8      | Reached skill level 5 in Dodging
  6308 | D:8      | Identified the +1 robe of Gluttony {Regen+ Int-3 Dex+4
                  | Stlth+}
  6343 | D:8      | Reached skill level 7 in Fighting
  6500 | D:8      | Found a hide-covered altar of Uskayaw.
  6553 | D:8      | Noticed Pikel
  6557 | D:8      | Killed Pikel
  6558 | D:8      | Reached XP level 10. HP: 79/79 MP: 15/15
  6993 | D:9      | Reached *** piety under Ashenzari
  7175 | D:9      | Noticed an elephant
  7227 | D:9      | Killed an elephant
  7247 | D:9      | Found a staircase to the Lair.
  7412 | D:9      | Found Yruden's Blasphemy Boutique.
  7978 | D:10     | Entered Level 10 of the Dungeon
  8025 | D:10     | Reached skill level 8 in Fighting
  8163 | D:10     | Reached skill level 5 in Spellcasting
  8226 | D:10     | Noticed an orange demon
  8238 | D:10     | Killed an orange demon
  8373 | D:10     | Reached XP level 11. HP: 66/87 MP: 18/18
  8986 | D:5      | Found a blossoming altar of Fedhas.
  9381 | D:3      | Killed anansati's ghost
  9382 | D:3      | Reached skill level 9 in Fighting
 10187 | D:11     | Noticed Erolcha
 10187 | D:11     | Noticed a boulder beetle
 10194 | D:11     | Killed Erolcha
 10207 | D:11     | Killed a boulder beetle
 10208 | D:11     | Reached skill level 10 in Fighting
 10277 | D:11     | Noticed Erica
 10291 | D:11     | Killed Erica
 10440 | D:11     | Reached **** piety under Ashenzari
 10523 | D:11     | Identified the +0 robe "Nyromn" {^Drain Fly rElec}
 10654 | D:11     | Noticed Maurice
 10704 | D:11     | Maurice stole a +5 ring of evasion
 10706 | D:11     | Maurice stole 32 gold
 10710 | D:11     | Maurice stole 4 silver javelins
 10715 | D:11     | Maurice stole a maw talisman
 10718 | D:11     | Killed Maurice
 11177 | D:12     | Reached skill level 11 in Fighting
 11298 | D:12     | Found a staircase to the Orcish Mines.
 11333 | D:12     | Gained mutation: Your demonic aura often causes spilled
                  | blood to erupt in flames. [demonic ancestry]
 11333 | D:12     | Reached XP level 12. HP: 62/105 MP: 11/22
 11346 | D:12     | Reached skill level 10 in Staves
 11937 | Orc:1    | Entered Level 1 of the Orcish Mines
 11998 | Orc:2    | Entered Level 2 of the Orcish Mines
 12338 | Orc:2    | Found a staircase to the Elven Halls.
 12421 | Orc:2    | Noticed an orc warlord
 12426 | Orc:2    | Noticed an orc high priest
 12522 | D:13     | Noticed a centaur warrior
 12528 | D:13     | Noticed a catoblepas
 12529 | D:13     | Noticed a centaur warrior
 12541 | D:13     | Noticed a tengu warrior
 12822 | D:13     | Noticed a centaur warrior
 12833 | D:13     | Killed a centaur warrior
 12934 | D:14     | Found a portal to a secret trove of treasure.
 13036 | D:14     | Noticed a catoblepas
 13041 | D:14     | Reached skill level 12 in Fighting
 13061 | D:14     | Killed a catoblepas
 13423 | D:14     | Noticed a yaktaur captain
 13439 | D:14     | Killed a yaktaur captain
 13446 | D:14     | Found a gate to the Vaults.
 13511 | D:14     | Noticed a boulder beetle
 13527 | D:14     | Noticed a two-headed ogre
 13538 | D:14     | Killed a two-headed ogre
 13545 | D:14     | Killed a boulder beetle
 13546 | D:14     | Reached skill level 13 in Fighting
 13813 | D:14     | Noticed a centaur warrior
 13822 | D:14     | Killed a centaur warrior
 13824 | D:14     | Noticed a boulder beetle
 13935 | D:14     | Killed a boulder beetle
 13961 | D:14     | Reached XP level 13. HP: 101/115 MP: 21/23
 14179 | D:14     | Identified the +0 kite shield of Qaafayro {rC+ Regen+}
 14285 | D:15     | Entered Level 15 of the Dungeon
 14360 | D:15     | Identified the +4 mace "Ryevail" {flame, ^Fragile +Blink
                  | rPois rC++}
 14698 | D:15     | Reached skill level 14 in Fighting
 15106 | D:15     | Found a staircase to the Depths.
 15436 | D:15     | Found Mic Diwn's Jewellery Boutique.
 15642 | D:15     | Reached skill level 15 in Fighting
 16019 | D:13     | Reached XP level 14. HP: 96/128 MP: 17/24
 16565 | Lair:1   | Entered Level 1 of the Lair of Beasts
 16825 | Lair:4   | Found a viscous altar of Jiyva.
 16825 | Lair:4   | Found a staircase to the Slime Pits.
 17026 | Lair:5   | Entered Level 5 of the Lair of Beasts
 17188 | Lair:5   | Learned a level 5 spell: Lee's Rapid Deconstruction
 17330 | Lair:5   | Reached skill level 1 in Earth Magic
 17347 | Lair:5   | Identified the blade talisman "Riliuf" {rPois Int+3}
 17375 | Lair:5   | Reached skill level 16 in Fighting
 17514 | Lair:5   | Got an earthy gem with 2891 turns to spare
 17598 | Lair:5   | Learned a level 3 spell: Passwall
 17969 | Lair:5   | Noticed Nessos
 17984 | Lair:5   | Killed Nessos
 18557 | Lair:5   | Reached skill level 5 in Earth Magic
 18764 | Lair:5   | Identified the +0 robe "Kycs" {-Tele Rampage Int+2}
 18918 | Lair:4   | Gained mutation: You have sharp fingernails. [demonic
                  | ancestry]
 18918 | Lair:4   | Reached XP level 15. HP: 119/135 MP: 16/28
 19698 | Lair:3   | Found a staircase to the Swamp.
 20932 | Lair:3   | Reached ***** piety under Ashenzari
 20941 | Lair:3   | Learned a level 7 spell: Ozocubu's Refrigeration
 21052 | Lair:2   | Reached skill level 1 in Ice Magic
 21141 | Lair:2   | Found a staircase to the Snake Pit.
 21322 | Lair:2   | Found a transporter.
 21334 | Lair:2   | Found a bloodstained altar of Trog.
 21340 | Lair:2   | Found a transporter.
 21341 | Lair:2   | Noticed makewrite's ghost (journeyman MiGl)
 22068 | Lair:1   | Noticed Joseph
 22077 | Lair:1   | Killed Joseph
 22081 | Lair:1   | Noticed Gastronok
 22093 | Lair:1   | Noticed Amaemon
 22094 | Lair:1   | Killed Gastronok
 22097 | Lair:1   | Killed Amaemon
 22183 | Lair:1   | Identified the +1 war axe "Qyud" {protect, rElec Will++
                  | Int-5}
 22347 | Lair:1   | Reached skill level 10 in Spellcasting
 22588 | Lair:1   | Found the +8 whip "Snakebite" {venom, curare, rPois}
 23395 | Orc:1    | Reached skill level 5 in Ice Magic
 23763 | Orc:2    | Gained mutation: You are mostly covered in icy blue scales.
                  | (AC +3) [demonic ancestry]
 23763 | Orc:2    | Reached XP level 16. HP: 140/143 MP: 27/32
 23814 | Orc:2    | Paralysed by an orc sorcerer for 4 turns
 24179 | Orc:2    | Found Gyklax's Antique Armour Shop.
 24180 | Orc:2    | Found Amenun's Antique Weapon Shop.
 24182 | Orc:2    | Found Guotz's General Store.
 24182 | Orc:2    | Found Ifaath's Book Boutique.
 24198 | Orc:2    | Bought a wand of paralysis (3) for 93 gold pieces
 24199 | Orc:2    | Bought a book of Vapours for 260 gold pieces
 24199 | Orc:2    | Bought a Trismegistus Codex for 280 gold pieces
 24209 | Orc:2    | Learned a level 9 spell: Polar Vortex
 24782 | Lair:2   | Killed makewrite's ghost
 24831 | Snake:1  | Entered Level 1 of the Snake Pit
 25167 | Snake:1  | Found a transporter.
 25167 | Snake:1  | Identified the +11 broad axe "Zadwulori" {venom, ^Drain rC+
                  | Will+ Dex+4}
 25182 | Snake:1  | Found a transporter.
 25674 | Snake:1  | Found Kiejaiq's Book Shoppe.
 25674 | Snake:1  | Found Ciudathrura's Jewellery Shop.
 25675 | Snake:1  | Found Leteraru's Jewellery Shop.
 25680 | Snake:1  | Bought the ring of Okawaru, Enchanting {rF+ rCorr} for 374
                  | gold pieces
 25684 | Snake:1  | Bought the ring of Nycemium {Wiz rN++ Dex+7} for 1057 gold
                  | pieces
 26518 | Snake:2  | Mangled by a naga

Illustrated notes

Levels and vault maps discovered:
D:1:      wander_arrival_desolate, layout_rooms, nrook_campfire,
          hangedman_abyss_or_decor_lesser_grid, minmay_pentomino_o4
D:2:      layout_loops_cross, nicolae_hexahallways
D:3:      layout_basic, gammafunk_ghost_arena, basic_ecumenical_altar,
          grunt_ministairs_12, minmay_checkerbox
D:4:      minmay_diamond_boxcup, layout_gridville,
          mainiacjoe_overflow_catwalk_spiral
D:5:      layout_loops_corners, mainiacjoe_overflow_six_doors_small
D:6:      layout_basic, minmay_temple_entry_purple_smoke, uniq_eustachio
D:7:      layout_gridville, lemuel_round_altar, serial_co_window_serial,
          co_window_corner_a, co_window_of_opportunity_a, co_window_corner_a,
          co_window_of_opportunity_a, co_window_paths_b, co_window_2corner,
          co_window_corner_b, co_window_of_opportunity_b,
          co_window_of_opportunity_b, co_window_of_opportunity_c,
          co_window_2corner, co_window_4corner_b, co_window_paths_e
D:8:      layout_basic, nicolae_uskayaw_dance_studio, old_standard_altar,
          uniq_psyche, uniq_pikel
D:9:      layout_stronghold, david_lair_generic, nicolae_evil_shop
D:10:     layout_gridville, serial_demonic, serial_demonic_f, serial_demonic_a,
          serial_demonic_d, serial_demonic_d, grunt_ministairs_15,
          hangedman_decor_push
D:11:     layout_gridville, hangedman_decor_diamond_cutter,
          minmay_misc_feat_nine_boxes, uniq_erolcha, uniq_erica, uniq_maurice
D:12:     layout_irregular_city, erik_orc_4
D:13:     layout_rooms
D:14:     kennysheep_bubbly, layout_basic, david_vaults_2, kennysheep_path_1,
          enter_trove_2
D:15:     grunt_enter_depths_magical_seal, layout_irregular_city, serial_shops,
          nicolae_shop_statue_plus, kennysheep_pointless_box
Temple:   compressed_dpeg_triangle_lava_temple
Lair:1:   minmay_guarded_unrand_snakebite, layout_cave_shapes, disabler_island,
          infiniplex_staircase_pool, lemuel_fruit_tree, uniq_gastronok,
          uniq_amaemon, uniq_joseph
Lair:2:   layout_cave_pods, minmay_snake_entry_six_corridors,
          gammafunk_ghost_wrathful_warriors, pond
Lair:3:   nzn_winding_woodlands_large [nzn_winding_woodlands_5x5_closed_star,
          nzn_winding_woodlands_5x15_pathside_ponds,
          nzn_winding_woodlands_hourglass, nzn_winding_woodlands_center_lodge,
          nzn_winding_woodlands_15x15_five_gardens,
          nzn_winding_woodlands_center_triple_pond,
          nzn_winding_woodlands_5x5_default,
          nzn_winding_woodlands_5x15_sidewinder,
          nzn_winding_woodlands_5x5_checkerboard], layout_cave_pods,
          alex1729_swamp_entry_worm_eleionoma, beast_lair_carwin_8
Lair:4:   layout_loops_ring, slime_entry_2, chequers_serial_rivers_micro_b,
          chequers_serial_rivers_room_a
Lair:5:   hangedman_lair_caniforms_friends, layout_regular_city,
          hangedman_lair_in_review, uniq_nessos
Snake:1:  gammafunk_sealed_arena, layout_layer_cave,
          hangedman_snake_corridor_split, minmay_shop_grove
Snake:2:  layout_grid_maze
Orc:1:    layout_diamond_mine
Orc:2:    st_orc_congregation, layout_diamond_mine, minmay_orc_keep

Skill      XL: |  1  2  3  4  5  6  7  8  9 10 11 12 13 14 15 16 |
---------------+-------------------------------------------------+-----
Armour         | 3 4 5 6 7 8 |  8.1
Fighting       | 2 3 4 6 7 8 11 13 15 16 | 16.7
Maces & Flails | 2 |  2.3
Dodging        | 3 4 5 6 |  6.3
Staves         | 1 2 3 4 5 7 9 12 13 14 | 14.4
Evocations     | 3 4 |  4.2
Spellcasting   | 1 3 5 7 10 11 | 11.7
Earth Magic    | 5 7 |  7.6
Ice Magic      | 5 7 |  7.2

Action                     |  1- 3 |  4- 6 |  7- 9 | 10-12 | 13-15 | 16-18 || total
---------------------------+-------+-------+-------+-------+-------+-------++-------
  Melee: Mace              |   127 |    34 |       |       |       |       ||   161
         Lajatang          |       |    90 |   166 |   592 |  1208 |   303 ||  2359
  Throw: Throwing net      |       |     1 |     1 |     3 |       |       ||     5
   Cast: Lee's Rapid Decon |       |       |       |       |    25 |     3 ||    28
         Passwall          |       |       |       |       |     3 |     2 ||     5
         Ozocubu's Refrige |       |       |       |       |       |     1 ||     1
 Invoke: Curse Item        |       |       |     3 |     3 |     1 |     1 ||     8
         Shatter the Chain |       |       |       |       |       |     2 ||     2
  Evoke: Wand              |       |       |     4 |    18 |    28 |       ||    50
         Phial of floods   |       |       |       |       |       |     1 ||     1
    Use: Scroll            |     2 |     2 |       |     9 |     3 |     3 ||    19
         Potion            |       |       |     2 |    10 |     9 |     5 ||    26
   Stab: Sleeping          |       |       |     3 |     3 |     8 |       ||    14
         Paralysed         |       |       |       |     3 |       |       ||     3
         Held in net/web   |       |       |       |     5 |       |       ||     5
         Invisible         |       |       |       |     4 |       |       ||     4
         Distracted        |       |       |       |     4 |     4 |     1 ||     9
         Petrified         |       |       |       |       |     3 |       ||     3
         Petrifying        |       |       |       |       |     1 |       ||     1
 Armour: Ring mail         |   101 |   107 |    63 |       |       |       ||   271
         Leather armour    |       |       |    68 |   430 |   747 |   174 ||  1419
  Dodge: Dodged            |   112 |    81 |   151 |   658 |  1342 |   326 ||  2670

Table legend: (Time is in decaauts)
 A = Elapsed time spent in this place.
 B = Non-inter-level travel time spent in this place.
 C = Inter-level travel time spent in this place.
 D = Time resting spent in this place.
 E = Time spent auto-exploring this place.
 F = Levels seen in this place.
 G = Mean time per level.
                   A        B        C        D        E       F      G
               +--------+--------+--------+--------+--------+-----+--------+
         Total |  26434 |  24313 |   2121 |    658 |  18067 |  25 | 1057.4 |
       Dungeon |  16629 |  14999 |   1630 |    618 |  11384 |  15 | 1108.6 |
        Temple |     12 |      1 |     11 |      0 |      0 |   1 |   12.0 |
          Lair |   6167 |   5965 |    202 |     28 |   4389 |   5 | 1233.4 |
     Snake Pit |   1648 |   1554 |     94 |      4 |   1182 |   2 |  824.0 |
  Orcish Mines |   1976 |   1795 |    181 |      7 |   1111 |   2 |  988.0 |
               +--------+--------+--------+--------+--------+-----+--------+

Top non-repeatable levels by time:
  Lair:5: 1768 daAuts
 Snake:1: 1619 daAuts
    D:15: 1530 daAuts
  Lair:3: 1453 daAuts
     D:7: 1421 daAuts
     D:6: 1402 daAuts
    D:14: 1392 daAuts
   Orc:2: 1377 daAuts
    D:10: 1343 daAuts
  Lair:2: 1246 daAuts
    D:12: 1213 daAuts
     D:9: 1177 daAuts
     D:3: 1151 daAuts
    D:11: 1069 daAuts
     D:8: 1043 daAuts
